[Event "Late-Titled-Tuesday-Blitz-January-30-2024"]
[Site "Chess.com"]
[Date "2024.01.30"]
[Round "1"]
[White "karinachess1"]
[Black "Karina_Ivanova"]
[Result "1-0"]
[WhiteElo "2618"]
[BlackElo "2282"]
[TimeControl "180+1"]
[EndTime "14:05:55 PST"]
[Termination "karinachess1 won by resignation"]

1. d4 Nf6 2. c4 e6 3. Nc3 Bb4 4. a3 Bxc3+ 5. bxc3 b6 6. e3 Bb7 7. f3 d6 8. Bd3 Nbd7 9. Ne2 O-O 10. O-O e5 11. e4 Qe7 12. Bg5 h6 13. Bh4 g5 14.
Bf2 Rfe8 15. Ng3 Qf8 16. Nf5 Nh5 17. g3 Ndf6 18. Be3 Bc8 19. Qc2 Bxf5 20. exf5 Qg7 21. c5 Nf4 22. Bb5 Red8 23. Kh1 N4d5 24. Bg1 Ne7 25.
Rae1 Nfd5 26. c4 c6 27. cxd6 Rxd6 28. dxe5 Rdd8 29. f6 Nxf6 30. exf6 Qxf6 31. Ba4 1-0

[Event "Late-Titled-Tuesday-Blitz-January-30-2024"]
[Site "Chess.com"]
[Date "2024.01.30"]
[Round "1"]
[White "dennisodessa"]
[Black "Doudou2015"]
[Result "1-0"]
[WhiteElo "2600"]
[BlackElo "2216"]
[TimeControl "180+1"]
[EndTime "14:05:55 PST"]
[Termination "dennisodessa won on time"]

1. d4 d5 2. c4 e6 3. Nc3 c6 4. e4 dxe4 5. Nxe4 Bb4+ 6. Bd2 Qxd4 7. Bxb4 Qxe4+ 8. Be2 c5 9. Bxc5 Qxg2 10. Qd6 Nd7 11. Bf3 Qg5 12. Be3 Qe5 13. Qd2 Ngf6 14.
O-O-O O-O 15. Ne2 Ne4 16. Qc2 Ndc5 17. Rhg1 g6 18. Kb1 a5 19. Ng3 Nxg3 20. hxg3 a4 21. Rd2 Ra6 22. Rgd1 b6 23. Rd8 Bb7 24. Bh6 Ra8 25.
Bxf8 1-0

[Event "Late-Titled-Tuesday-Blitz-January-30-2024"]
[Site "Chess.com"]
[Date "2024.01.30"]
[Round "1"]
[White "mishanick"]
[Black "kikoveiga"]
[Result "1-0"]
[WhiteElo "3142"]
[BlackElo "2541"]
[TimeControl "180+1"]
[EndTime "14:05:56 PST"]
[Termination "mishanick won by resignation"]

1. d4 Nf6 2. c4 e6 3. Nc3 d5 4. e3 Be7 5. Bd3 dxc4 6. Bxc4 a6 7. a4 c5 8. Nf3 Nc6 9. O-O cxd4 10. exd4 O-O 11.
Re1 Nb4 12. Ne5 b6 13. Bg5 Bb7 14. Qd2 Nbd5 15. Rad1 Rc8 16. Bd3 h6 17. Bh4 Qc7 18. Rc1 Qb8 19. Nxd5 Bxd5 20. Bxf6 Bxf6 21. Nd7 Bg5 22.
Qxg5 hxg5 23. Nxb8 Rxb8 24. Bxa6 Rfd8 25. Bb5 Bb3 26. Re3 Bd5 27. h3 Bb7 28. Rc4 Rd5 29. Re5 Rbd8 30. Rc7 Rxe5 31. dxe5 Rd1+ 32. Kh2 Bd5 33.
Rc2 Bb3 34. Rc3 Bd5 35. Rd3 Rb1 36. Rd2 Bb3 37. Rd8+ 1-0

[Event "Late-Titled-Tuesday-Blitz-January-30-2024"]
[Site "Chess.com"]
[Date "2024.01.30"]
[Round "1"]
[White "Kildepiotr"]
[Black "pr1105"]
[Result "0-1"]
[WhiteElo "2686"]
[BlackElo "2416"]
[TimeControl "180+1"]
[EndTime "14:06:01 PST"]
[Termination "pr1105 won by resignation"]

1. Nf3 d5 2. g3 Nf6 3. Bg2 c5 4. O-O e6 5. d3 Be7 6. Nbd2 O-O 7. e4 Nc6 8. Re1 Qc7 9. Nf1 b5 10. e5 Nd7 11. Bf4 Bb7 12. h4 Rfc8 13. h5 h6 14.
Ne3 a5 15. Nxd5 exd5 16. e6 Qd8 17. exd7 Qxd7 18. Kh2 Re8 19. Bh3 Qd8 20. c3 d4 21.
c4 bxc4 22. dxc4 Bf6 23. Rxe8+ Qxe8 24. Qd2 Qe4 25. Bg2 Qf5 26. Re1 Qxh5+ 27. Kg1 Rd8 28.
Bc7 Rd7 29. Re8+ Kh7 30. Qd3+ g6 31. Nd2 Qd1+ 32. Bf1 Rxc7 33. Kh2 Ne5 0-1

[Event "Late-Titled-Tuesday-Blitz-January-30-2024"]
[Site "Chess.com"]
[Date "2024.01.30"]
[Round "1"]
[White "Sacbutt"]
[Black "ArtemDyachuk"]
[Result "1-0"]
[WhiteElo "2370"]
[BlackElo "2638"]
[TimeControl "180+1"]
[EndTime "14:06:01 PST"]
[Termination "Sacbutt won by checkmate"]

1. e4 e5 2. Nf3 Nc6 3. Bc4 Nf6 4.
d3 Bc5 5. c3 O-O 6. O-O d6 7.
a4 a6 8. h3 Ba7 9. Re1 Ne7 10.
d4 exd4 11. cxd4 d5 12. exd5 Nexd5 13. Bg5 h6 14. Bh4 Nf4 15. Nc3 g5 16. Nxg5 hxg5 17.
Bxg5 Ne6 18. Bh4 Qxd4 19. Bxf6 Qxf2+ 20. Kh1 Qxf6 21. Re4 Ng5 22. Rh4 Rd8 23. Qh5 Bf5 24. Rf1 Qg6 25. Qh8# 1-0

[Event "Late-Titled-Tuesday-Blitz-January-30-2024"]
[Site "Chess.com"]
[Date "2024.01.30"]
[Round "1"]
[White "DonJuanEGenaro"]
[Black "chessisveryfun1264"]
[Result "0-1"]
[WhiteElo "1998"]
[BlackElo "2551"]
[TimeControl "180+1"]
[EndTime "14:06:01 PST"]
[Termination "chessisveryfun1264 won on time"]

1. c4 e6 2. Nc3 b6 3. e4 Bb7 4. d4 Bb4 5. Bd3 f5 6. d5 fxe4 7. Bxe4 Nf6 8. Bg5 O-O 9. Nf3 Na6 10. O-O Nc5 11. Bc2 Bxc3 12. bxc3 h6 13. Bh4 exd5 14. cxd5 Bxd5 15. Bxf6 Bxf3 16. Bb3+ Kh8 17.
Bxd8 Bxd1 18. Bxc7 Bxb3 19. axb3 Nxb3 20. Rad1 Nc5 21.
Rd6 Rfc8 22. Bxb6 axb6 23. Rxb6 Rc6 24. Rb4 Rac8 25. Rd1 d6 26. h4 Nd7 27. Rbd4 Rxc3 28. Rxd6 Nf6 29. g3 Rc1 30. Kg2 Rxd1 31. Rxd1 Rc2 32. Rd4 h5 33. Rd8+ Kh7 34. Rf8 Kg6 35. Kg1 Ng4 36. Kg2 Rc6 37. Rd8 Rf6 38. Rd2 Kf7 39. f3 Ne5 40. Rf2 Ke6 41. f4 Ng4 42. Re2+ Kf5 43. Re5+ Nxe5 0-1

[Event "Late-Titled-Tuesday-Blitz-January-30-2024"]
[Site "Chess.com"]
[Date "2024.01.30"]
[Round "1"]
[White "shirovin"]
[Black "malakismayil"]
[Result "0-1"]
[WhiteElo "2051"]
[BlackElo "2561"]
[TimeControl "180+1"]
[EndTime "14:06:03 PST"]
[Termination "malakismayil won by resignation"]

1. e4 e5 2. Nf3 Nc6 3. Bb5 a6 4. Ba4 Nf6 5. O-O b5 6. Bb3 Be7 7. Re1 O-O 8. h3 d6 9. a4 b4 10.
d3 a5 11. Nbd2 h6 12. Nf1 Be6 13. Ng3 Re8 14. c3 Rb8 15. Bxe6 fxe6 16. d4 Bf8 17. dxe5 Nxe5 18. Nxe5 dxe5 19. Be3 c5 20. Qe2 Qc7 21.
Red1 c4 22. Nh5 Be7 23. Nxf6+ Bxf6 24. Qg4 Kh7 25. Rd2 bxc3 26. bxc3 Rb3 27. Rad1 Re7 28. Rc2 Qc6 29. f3 Qxa4 30. Rcd2 Rxc3 31. Rd6 Rxe3 32. Rxe6 Qxd1+ 0-1

[Event "Late-Titled-Tuesday-Blitz-January-30-2024"]
[Site "Chess.com"]
[Date "2024.01.30"]
[Round "1"]
[White "Actuary44"]
[Black "Karacsonyi_Gellert"]
[Result "1-0"]
[WhiteElo "2481"]
[BlackElo "2794"]
[TimeControl "180+1"]
[EndTime "14:06:07 PST"]
[Termination "Actuary44 won by resignation"]

1. e4 c5 2. d4 cxd4 3. c3 d3 4. Bxd3 Nc6 5. f4 g6 6. Nf3 Bg7 7. O-O d6 8. Kh1 Nf6 9. Qe1 Bg4 10. Be3 Qd7 11. Nbd2 h5 12. Rd1 h4 13. h3 Bxf3 14.
Nxf3 O-O-O 15. b4 Kb8 16. b5 Na5 17. c4 b6 18. c5 dxc5 19. Ne5 Qe6 20. f5 Qxa2 21.
Ra1 Qb2 22. Rxa5 bxa5 23. Nc6+ Kc8 24. Qxa5 Rxd3 25. Qa6+ Kc7 26. Bf4+ Rd6 27. Qxa7+ Kc8 28. Qb8+ Kd7 29. Qb7+ 1-0

[Event "Late-Titled-Tuesday-Blitz-January-30-2024"]
[Site "Chess.com"]
[Date "2024.01.30"]
[Round "1"]
[White "Nemsko"]
[Black "Mikhail_Golubev"]
[Result "0-1"]
[WhiteElo "2348"]
[BlackElo "2647"]
[TimeControl "180+1"]
[EndTime "14:06:07 PST"]
[Termination "Mikhail_Golubev won by resignation"]

1. e4 c5 2. Nf3 d6 3. d4 Nf6 4. Nc3 cxd4 5. Nxd4 g6 6. Be3 Bg7 7. f3 a6 8. Qd2 Nbd7 9. O-O-O h5 10. h4 b5 11. Bd3 Bb7 12. Rhe1 Qc7 13. Kb1 Rc8 14.
Nce2 Ne5 15. Ng3 Nfd7 16. f4 Nc4 17. Bxc4 bxc4 18. c3 Nc5 19. Qc2 Nd3 20. Rxd3 cxd3 21. Qxd3 Qc4 22. Qc2 O-O 23. f5 e6 24. Rf1 Be5 25.
Nge2 Bxd4 26. Bxd4 e5 27. f6 exd4 28. Qd2 Bxe4+ 29.
Ka1 dxc3 30. bxc3 Bd5 31. Rf4 Qxa2+ 32. Qxa2 Bxa2 33. Kxa2 Rfe8 34. Rf2 Rb8 35. Nd4 Rec8 36. Rf1 Rxc3 0-1

[Event "Late-Titled-Tuesday-Blitz-January-30-2024"]
[Site "Chess.com"]
[Date "2024.01.30"]
[Round "1"]
[White "SuanFernandes"]
[Black "ozates"]
[Result "0-1"]
[WhiteElo "2318"]
[BlackElo "2639"]
[TimeControl "180+1"]
[EndTime "14:06:08 PST"]
[Termination "ozates won on time"]

1. d4 Nf6 2. c4 e6 3. Nf3 d5 4. Nc3 a6 5. cxd5 exd5 6. Bg5 Be6 7. e3 Nbd7 8. Bd3 c6 9. O-O Bd6 10. Bf4 Qc7 11. Qd2 O-O 12. h3 Rfe8 13. Rfc1 Rac8 14. b4 Bxf4 15. exf4 g6 16. Ne5 Nh5 17. f5 Nxe5 18. dxe5 gxf5 19. Qg5+ Ng7 20. Re1 Qe7 21. Qh6 Qxb4 22.
Ne2 Kh8 23. Ng3 Rg8 24. Rab1 Qe7 25. f4 b5 26. Ne2 c5 27. g4 c4 28. Bc2 Qc5+ 29. Kh1 d4 30. gxf5 Nxf5 31. Qf6+ Ng7 32. Bxh7 Qd5+ 33. Kh2 Qf3 34. Qh4 Nh5 35. Bxg8 Rxg8 36.
Rg1 Qxe2+ 37. Kh1 Qe4+ 38. Kh2 Qxf4+ 39. Qxf4 Nxf4 40. Rxg8+ Kxg8 0-1

[Event "Late-Titled-Tuesday-Blitz-January-30-2024"]
[Site "Chess.com"]
[Date "2024.01.30"]
[Round "1"]
[White "PetrolulSah"]
[Black "INLOVEWITHF"]
[Result "0-1"]
[WhiteElo "2210"]
[BlackElo "2598"]
[TimeControl "180+1"]
[EndTime "14:06:08 PST"]
[Termination "INLOVEWITHF won by resignation"]

1. d4 Nf6 2. c4 g6 3. Nc3 Bg7 4. e4 d6 5. Be2 O-O 6. Bg5 c5 7. d5 h6 8. Bf4 e6 9. dxe6 Bxe6 10. Bxd6 Re8 11. e5 Nfd7 12. Nf3 Nc6 13. O-O Ndxe5 14.
Nxe5 Nxe5 15. Bxc5 Nxc4 16. Bxc4 Bxc4 17. Re1 Rxe1+ 18.
Qxe1 Qc7 19. Be3 Re8 20. Rd1 b5 21. Qd2 Qa5 22. a3 Bb3 23. Qd7 Rf8 24. Bc5 Bxd1 25.
Bxf8 Bxf8 26. Qxd1 Bxa3 27. Qa1 b4 28. Nd1 Qe5 29. h3 a5 30. Qc1 Qe1+ 31. Kh2 Bxb2 32. Qc8+ Kg7 33. Nxb2 Qe5+ 34. g3 Qxb2 35. Qa6 Qf6 36.
Qe2 b3 37. h4 b2 38. Qc2 a4 39.
Qb1 a3 40. Kh3 Qf5+ 0-1

[Event "Late-Titled-Tuesday-Blitz-January-30-2024"]
[Site "Chess.com"]
[Date "2024.01.30"]
[Round "1"]
[White "dropstoneDP"]
[Black "RantomOpening"]
[Result "1-0"]
[WhiteElo "3061"]
[BlackElo "2535"]
[TimeControl "180+1"]
[EndTime "14:06:09 PST"]
[Termination "dropstoneDP won by resignation"]

1. e4 c5 2. Nf3 e6 3. d4 cxd4 4. Nxd4 Nf6 5. Nc3 Nc6 6. Ndb5 Bc5 7. Bf4 O-O 8. Bc7 Qe7 9. Bd6 Bxd6 10. Qxd6 Qd8 11. O-O-O a6 12. Nd4 Ne7 13. a4 b5 14.
axb5 axb5 15. Bxb5 Ng6 16. Nb3 Bb7 17. f3 Ne8 18. Qxd7 Qg5+ 19. Kb1 Rb8 20. g3 Ne5 21. f4 Nxd7 22. fxg5 Ne5 23. Nc5 Ba8 24. Nd7 Nxd7 25. Rxd7 Rxb5 26. Nxb5 Bc6 27. Rd8 Bxb5 28. Rhd1 Nc7 29. b3 Ne8 30. Kb2 Bc6 31. e5 f6 32.
Rc8 Bf3 33. Rdd8 Bh5 34. gxf6 gxf6 35. exf6 Kf7 36. b4 Kxf6 37. b5 Rg8 38. c4 Ke5 39. b6 Rf8 40. b7 Rf2+ 41. Kc3 Rf3+ 42. Kb4 Rf1 43. b8=Q+ 1-0

[Event "Late-Titled-Tuesday-Blitz-January-30-2024"]
[Site "Chess.com"]
[Date "2024.01.30"]
[Round "1"]
[White "yaguigor"]
[Black "Felix-Rose"]
[Result "0-1"]
[WhiteElo "2631"]
[BlackElo "2361"]
[TimeControl "180+1"]
[EndTime "14:06:11 PST"]
[Termination "Felix-Rose won by resignation"]

1. Nf3 d5 2. d4 Nf6 3. c4 e6 4. Nc3 Be7 5. Bf4 O-O 6. e3 b6 7. cxd5 Nxd5 8. Nxd5 Qxd5 9. Bd3 Ba6 10. O-O Bxd3 11.
Qxd3 c5 12. e4 Qb7 13. d5 Rd8 14. Rad1 exd5 15. exd5 Na6 16. d6 Bf6 17. Ng5 Bxg5 18. Bxg5 Rd7 19. a3 h6 20. Bh4 Rc8 21. Rfe1 c4 22. Qf5 Nc5 23. Re7 Rf8 24. Rd4 Qc6 25. Bf6 Rxd6 26. Be5 Rxd4 27. Bxd4 Ne6 28. Bc3 Qd6 29.
Rxa7 Qd1+ 0-1

[Event "Late-Titled-Tuesday-Blitz-January-30-2024"]
[Site "Chess.com"]
[Date "2024.01.30"]
[Round "1"]
[White "krzyzan94"]
[Black "N_Mullodzhanov"]
[Result "1-0"]
[WhiteElo "2772"]
[BlackElo "2452"]
[TimeControl "180+1"]
[EndTime "14:06:12 PST"]
[Termination "krzyzan94 won by checkmate"]

1. Nf3 d5 2. g3 Nf6 3. Bg2 c5 4. c4 g6 5. cxd5 Nxd5 6. O-O Bg7 7. Nc3 Nxc3 8. bxc3 O-O 9. Rb1 Nc6 10. Qa4 Qc7 11. Qh4 Bf5 12. e4 Be6 13. Ng5 h6 14. Nxe6 fxe6 15. Qg4 Rf6 16. f4 h5 17. Qe2 e5 18. f5 Raf8 19. Qc4+ e6 20. fxe6 Ne7 21. Rxf6 Rxf6 22. d3 Kh7 23. Bg5 Rf8 24. Qb5 c4 25.
Qd7 Qxd7 26. exd7 Nc6 27. dxc4 Bf6 28. Bxf6 Rxf6 29. Rxb7 Kh6 30. Rc7 Nd8 31. Rc8 Rf8 32. c5 Kg7 33. c6 Nxc6 34. Rxc6 Rd8 35. Bh3 Kf7 36. Rc8 Ke7 37. c4 g5 38. Bf5 a5 39.
c5 Rxd7 40. Bxd7 Kxd7 41. Rh8 Kc6 42. Rxh5 Kxc5 43. Rxg5 a4 44. Rxe5+ Kd4 45. Ra5 Kxe4 46. Rxa4+ Kf3 47. Rf4+ Ke3 48. h4 Kd2 49. h5 Kd3 50. h6 Ke2 51. h7 Kd1 52. h8=Q Kc2 53. Qd8 Kc3 54. a4 Kb3 55. a5 Kc3 56. a6 Kc2 57. a7 Kb3 58. a8=Q Kc3 59. g4 Kb3 60. g5 Kc3 61. g6 Kb2 62. g7 Kb3 63. g8=Q+ Kc3 64.
Qc4+ Kb2 65. Qd2+ Kb1 66. Qaa2# 1-0

[Event "Late-Titled-Tuesday-Blitz-January-30-2024"]
[Site "Chess.com"]
[Date "2024.01.30"]
[Round "1"]
[White "PoXerStar"]
[Black "ameetghasi100"]
[Result "0-1"]
[WhiteElo "2425"]
[BlackElo "2745"]
[TimeControl "180+1"]
[EndTime "14:06:18 PST"]
[Termination "ameetghasi100 won on time"]

1. c4 g6 2. g3 Bg7 3. Nc3 Nf6 4.
Bg2 O-O 5. d4 d6 6. h3 Nc6 7.
Nf3 e5 8. Be3 Bf5 9. O-O Re8 10.
dxe5 dxe5 11. Rc1 Qc8 12. Kh2 h6 13. Nd5 Kh7 14. Qb3 Be6 15. Rfd1 a5 16. a3 a4 17. Qc2 Ra5 18. Nxf6+ Bxf6 19. Nd2 Bg7 20. Ne4 f5 21.
Nc5 e4 22. Nxe6 Qxe6 23. Rd5 Rxd5 24. cxd5 Qxd5 25. Qxa4 h5 26. b4 Be5 27. Rc5 Qd6 28. b5 Ne7 29. Qc2 h4 30. Bf4 Bxf4 31. gxf4 Qxf4+ 32.
Kg1 e3 33. Rxc7 Qxf2+ 34. Kh1 Qe1+ 35. Kh2 Qg3+ 36. Kh1 Kh6 37. Qc3 Rd8 0-1

[Event "Late-Titled-Tuesday-Blitz-January-30-2024"]
[Site "Chess.com"]
[Date "2024.01.30"]
[Round "1"]
[White "Grindaveci"]
[Black "Ali_rastbod"]
[Result "0-1"]
[WhiteElo "2397"]
[BlackElo "2696"]
[TimeControl "180+1"]
[EndTime "14:06:18 PST"]
[Termination "Ali_rastbod won by resignation"]

1. e4 c5 2. c3 Qa5 3. Nf3 Nc6 4. Be2 Nf6 5. Qc2 g6 6. O-O d5 7. exd5 Nxd5 8. d4 cxd4 9. cxd4 Bg7 10. Nc3 O-O 11.
Rd1 Rd8 12. Bg5 Bg4 13. Qb3 Bxf3 14. Bxf3 Nxc3 15. bxc3 Qxg5 16. Qxb7 Na5 17. Qa6 Rac8 18. h4 Qf5 19. Rab1 Rxc3 20. Rb5 Qc2 21. Qxa5 Rdc8 22. Rc5 R3xc5 23. dxc5 Qxc5 24. Qa6 Bf6 25. g3 h5 26. Kg2 Kg7 27. Rd7 Rc7 28. Rd8 Qb6 29. Qd3 Rc3 30.
Qd2 Ra3 31. Rc8 Rxf3 32. Kxf3 Qb7+ 33. Ke2 Qxc8 0-1

[Event "Late-Titled-Tuesday-Blitz-January-30-2024"]
[Site "Chess.com"]
[Date "2024.01.30"]
[Round "1"]
[White "YurasovMat-2012"]
[Black "KorolDimitriy75"]
[Result "1-0"]
[WhiteElo "2673"]
[BlackElo "2374"]
[TimeControl "180+1"]
[EndTime "14:06:18 PST"]
[Termination "YurasovMat-2012 won by checkmate"]

1. e4 c5 2. Nf3 d6 3. Bb5+ Nd7 4. O-O Nf6 5. Re1 a6 6. Bxd7+ Bxd7 7. e5 dxe5 8. Nxe5 e6 9. b3 Be7 10. Bb2 O-O 11. d3 Qc7 12. Nd2 Rfd8 13. Qf3 Be8 14. Ng4 Nxg4 15. Qxg4 Bf8 16. Bf6 Rd5 17. Bb2 Kh8 18.
Nf3 Rf5 19. Re5 Rxe5 20. Bxe5 Qe7 21. Bb2 f6 22. Nh4 e5 23. Re1 Rd8 24. f4 Bd7 25. Qh5 Be8 26. Qf3 Bc6 27. Qe3 Re8 28. fxe5 fxe5 29. Qg3 e4 30. Nf5 Qf7 31. Rf1 Qg6 32.
Qf2 exd3 33. cxd3 b5 34. Nxg7 Bxg7 35. Qf8+ Rxf8 36. Rxf8# 1-0

[Event "Late-Titled-Tuesday-Blitz-January-30-2024"]
[Site "Chess.com"]
[Date "2024.01.30"]
[Round "1"]
[White "koziororo"]
[Black "TheMagician"]
[Result "1-0"]
[WhiteElo "2592"]
[BlackElo "2190"]
[TimeControl "180+1"]
[EndTime "14:06:22 PST"]
[Termination "koziororo won on time"]

1. Na3 d5 2. c4 c6 3. e3 g6 4. d4 Bg7 5. Bd2 Nf6 6. Bd3 O-O 7. Ne2 Re8 8. O-O a6 9. Rc1 Nbd7 10. Qb3 e5 11. cxd5 cxd5 12. dxe5 Nxe5 13. Bb1 b5 14. Rfd1 Bg4 15. f3 Be6 16. Nd4 Nc4 17. Nxc4 bxc4 18. Qa4 Bd7 19. Qc2 Qb6 20. Re1 a5 21. Bc3 a4 22. a3 Rab8 23. Qf2 Qb7 24. Re2 Qc8 25.
Rce1 h5 26. Qh4 Nh7 27. Qg3 Be5 28. Qh4 Bf6 29. Qf2 Qd8 30. e4 dxe4 31. Bxe4 Ng5 32.
Bc2 Rxe2 33. Rxe2 h4 34. Rd2 Qb6 35. Kh1 Re8 36. Rd1 1-0

[Event "Late-Titled-Tuesday-Blitz-January-30-2024"]
[Site "Chess.com"]
[Date "2024.01.30"]
[Round "1"]
[White "dodoucb"]
[Black "OparinGrigoriy"]
[Result "0-1"]
[WhiteElo "2524"]
[BlackElo "2990"]
[TimeControl "180+1"]
[EndTime "14:06:24 PST"]
[Termination "OparinGrigoriy won by resignation"]

1. d4 d6 2. c4 f5 3. Nf3 Nf6 4. Nc3 g6 5. Bf4 Bg7 6. e3 e6 7. h3 O-O 8. Be2 Nc6 9. Bh2 Bd7 10. O-O Qe8 11. Rb1 e5 12. b4 Ne4 13. Nd5 Rc8 14.
b5 Nd8 15. Qc2 Nf7 16. c5 c6 17.
bxc6 bxc6 18. Nb4 exd4 19. exd4 d5 20. Ba6 Rd8 21. Bc7 g5 22. Rbe1 g4 23. hxg4 fxg4 24.
Nd2 Nfg5 25. Nxe4 dxe4 26. Bxd8 Qxd8 27. Rxe4 Kh8 28. Re3 Nf3+ 29. Rxf3 gxf3 30. g3 Qg5 31.
Qe4 Qh6 32. Qh4 Qxh4 33. gxh4 Bxd4 34. Rd1 Rg8+ 35. Kf1 Bh3+ 36. Ke1 Bc3+ 0-1

[Event "Late-Titled-Tuesday-Blitz-January-30-2024"]
[Site "Chess.com"]
[Date "2024.01.30"]
[Round "1"]
[White "vladoboch"]
[Black "Rikikits"]
[Result "0-1"]
[WhiteElo "2473"]
[BlackElo "2823"]
[TimeControl "180+1"]
[EndTime "14:06:24 PST"]
[Termination "Rikikits won by resignation"]

1. e4 c6 2. d4 d5 3. e5 Bf5 4. h4 Qb6 5. g4 Bd7 6. Nc3 e6 7. f4 h5 8. gxh5 c5 9. Nf3 Nc6 10. dxc5 Bxc5 11. Na4 Qa5+ 12. c3 Be7 13. Rg1 Nh6 14.
Bd3 d4 15. Bd2 b5 16. Nc5 Bxc5 17. b4 Qa3 18. bxc5 dxc3 19. Be3 b4 20. Rxg7 Ne7 21.
Be4 Rd8 22. Nd4 Nhf5 23. Nxf5 exf5 24. Bc2 Bc6 25. Qe2 Kf8 26. Rg1 Qb2 27. Rc1 Nd5 28.
Qg2 Ke8 29. Kf2 Kd7 30. Rgd1 Kc7 31. Kf1 Nxe3+ 0-1

[Event "Late-Titled-Tuesday-Blitz-January-30-2024"]
[Site "Chess.com"]
[Date "2024.01.30"]
[Round "1"]
[White "DraningWaterHi"]
[Black "sotochess"]
[Result "0-1"]
[WhiteElo "2100"]
[BlackElo "2571"]
[TimeControl "180+1"]
[EndTime "14:06:24 PST"]
[Termination "sotochess won by checkmate"]

1. d4 Nf6 2. c4 g6 3. g3 Bg7 4. Bg2 O-O 5. Nc3 d6 6. Nf3 Bf5 7. O-O Ne4 8. Nh4 Nxc3 9. bxc3 Bc8 10. Rb1 Nc6 11. e4 e5 12. d5 Na5 13. Qd3 b6 14. f4 Ba6 15. Rb4 Nb7 16. Be3 Nc5 17.
Bxc5 bxc5 18. Rbb1 exf4 19. Rbe1 fxg3 20. Qxg3 Be5 21.
Qg4 Bxc4 22. Rf5 Qe7 23. Bf1 Bxc3 24. Rc1 Bd4+ 25. Kh1 Bxa2 26. Rh5 Rae8 27. Bd3 c4 28. Bc2 Bg7 29. Nf5 Qf6 30. Rg1 Bb3 31. Bb1 Re5 32.
Qh3 Rxf5 33. Rxf5 gxf5 34. e5 dxe5 35. Bxf5 Rd8 36. Qxh7+ Kf8 37. Rf1 c3 38. Bd3 Bxd5+ 39. Kg1 Qg5+ 40. Kf2 e4 41. Bxe4 Bd4+ 42. Ke2 Bc4+ 43.
Ke1 Qd2# 0-1

[Event "Late-Titled-Tuesday-Blitz-January-30-2024"]
[Site "Chess.com"]
[Date "2024.01.30"]
[Round "1"]
[White "RebecaJimnz"]
[Black "bocah_sakit"]
[Result "0-1"]
[WhiteElo "2301"]
[BlackElo "2626"]
[TimeControl "180+1"]
[EndTime "14:06:27 PST"]
[Termination "bocah_sakit won by resignation"]

1. e4 c5 2. Nc3 Nc6 3. g3 g6 4.
Bg2 Bg7 5. d3 e6 6. Be3 Nd4 7.
Qd2 Ne7 8. Nd1 e5 9. c3 Ne6 10. Ne2 d5 11. Bh6 Bxh6 12. Qxh6 d4 13. c4 Bd7 14. O-O a6 15. Qd2 O-O 16. f4 exf4 17.
gxf4 f5 18. e5 Bc6 19. Ng3 Bxg2 20. Qxg2 b5 21. Nh5 bxc4 22. Nf6+ Kg7 23. dxc4 Ng8 24. Nd5 Qh4 25. Nf2 Nxf4 26. Nxf4 Qxf4 27. Nd3 Qe3+ 28. Nf2 Qxe5 29. Rae1 Qc7 30. Nd3 Kh8 31. Nf4 Rfe8 32. Qg5 Qd6 33. Qh6 Nxh6 0-1

[Event "Late-Titled-Tuesday-Blitz-January-30-2024"]
[Site "Chess.com"]
[Date "2024.01.30"]
[Round "1"]
[White "GaiozNigalidze"]
[Black "leotobares"]
[Result "1-0"]
[WhiteElo "2707"]
[BlackElo "2405"]
[TimeControl "180+1"]
[EndTime "14:06:30 PST"]
[Termination "GaiozNigalidze won by resignation"]

1. d4 Nf6 2. c4 e6 3. Nf3 d5 4. Nc3 Bb4 5. cxd5 exd5 6. Bg5 Nbd7 7. e3 c5 8. Bd3 Qa5 9. O-O c4 10. Bf5 Bxc3 11. bxc3 O-O 12. Qc2 Re8 13. Nd2 Ne4 14. Bxe4 dxe4 15. Bf4 Nb6 16. Rfb1 Qd5 17. Rb4 Bd7 18.
a4 Rac8 19. a5 Na8 20. Qa2 Be6 21. Qb1 b5 22. Rxb5 Qc6 23. Rc5 Qa6 24. Nxe4 Rcd8 25.
Ng5 g6 26. Qb5 Qxb5 27. Rxb5 Rd7 28. Ne4 Nc7 29. Nf6+ Kf8 30. Bxc7 1-0

[Event "Late-Titled-Tuesday-Blitz-January-30-2024"]
[Site "Chess.com"]
[Date "2024.01.30"]
[Round "1"]
[White "english_player_89"]
[Black "Evgeny81"]
[Result "0-1"]
[WhiteElo "2411"]
[BlackElo "2711"]
[TimeControl "180+1"]
[EndTime "14:06:31 PST"]
[Termination "Evgeny81 won by resignation"]

1. Nf3 f5 2. c4 Nf6 3. d4 g6 4. Nc3 Bg7 5. Bf4 O-O 6. e3 d6 7. h3 e6 8. Be2 Nbd7 9. O-O Qe8 10. Bh2 a6 11. b4 Kh8 12. c5 e5 13. a4 h6 14. Re1 g5 15. cxd6 cxd6 16. dxe5 dxe5 17. Nd5 Nxd5 18. Qxd5 e4 19. Nd4 Nf6 20. Qa2 Bd7 21. Bd6 Qg6 22. Bxf8 Rxf8 23. b5 f4 24. bxa6 bxa6 25.
Bxa6 g4 26. h4 g3 27. Ne6 gxf2+ 28. Qxf2 Bxe6 29. exf4 Ng4 30. Qg3 Bd4+ 31. Kf1 Bxa1 32. Rxa1 Qf6 33. Rd1 Qxf4+ 34. Qxf4 Rxf4+ 35. Kg1 e3 36. Ra1 Bd5 37. Be2 Rf2 0-1

[Event "Late-Titled-Tuesday-Blitz-January-30-2024"]
[Site "Chess.com"]
[Date "2024.01.30"]
[Round "1"]
[White "Quattroporte300"]
[Black "TheCavemanChess"]
[Result "0-1"]
[WhiteElo "2377"]
[BlackElo "2677"]
[TimeControl "180+1"]
[EndTime "14:06:31 PST"]
[Termination "TheCavemanChess won by resignation"]

1. e4 c5 2. Nf3 d6 3. d4 cxd4 4. Nxd4 a6 5. Nc3 Nf6 6. Be3 Ng4 7. Bg5 h6 8. Bh4 g5 9. Bg3 Bg7 10. Be2 h5 11. h3 Ne5 12. Qd2 Nbc6 13. Nxc6 bxc6 14. O-O-O Rb8 15. b3 h4 16. Bh2 Be6 17. Rhe1 Qa5 18. Na4 Rb4 19. f4 gxf4 20. Bxf4 Rxa4 21.
bxa4 Qxa4 22. c3 Bxa2 23. Kb2 O-O 24. Qc2 Rb8+ 25. Kc1 Qa3+ 26. Kd2 Rb2 27. Rc1 Nc4+ 28. Bxc4 Bxc4 29. Re3 Bb3 0-1

[Event "Late-Titled-Tuesday-Blitz-January-30-2024"]
[Site "Chess.com"]
[Date "2024.01.30"]
[Round "1"]
[White "ChristopherYoo"]
[Black "EvilMorty23"]
[Result "1-0"]
[WhiteElo "2939"]
[BlackElo "2512"]
[TimeControl "180+1"]
[EndTime "14:06:32 PST"]
[Termination "ChristopherYoo won by resignation"]

1. Nf3 Nf6 2. c4 e6 3. Nc3 d5 4. e3 Be7 5. b3 O-O 6. Bb2 b6 7.
cxd5 Nxd5 8. Nxd5 Qxd5 9. Qc2 c5 10. Bd3 f5 11. Bc4 Qd6 12. Be5 Qd7 13. Qb2 Bf6 14. Bxf6 Rxf6 15. d4 Bb7 16. dxc5 bxc5 17. Rd1 Qe7 18.
Ne5 Bc6 19. O-O Be8 20. Rd2 Nc6 21. Rfd1 Rd8 22. Nxc6 1-0

[Event "Late-Titled-Tuesday-Blitz-January-30-2024"]
[Site "Chess.com"]
[Date "2024.01.30"]
[Round "1"]
[White "ChessSkool"]
[Black "GMthekingindian"]
[Result "1-0"]
[WhiteElo "2712"]
[BlackElo "2412"]
[TimeControl "180+1"]
[EndTime "14:06:37 PST"]
[Termination "ChessSkool won by resignation"]

1. d4 d5 2. Nf3 c6 3. c3 Nf6 4.
Qc2 Bg4 5. Ne5 Bh5 6. Qf5 Bg6 7.
Qh3 Bxb1 8. Rxb1 Nbd7 9. g4 Nxe5 10. dxe5 Ne4 11. b4 Qb6 12. Be3 Qa6 13. Bd4 Qxa2 14. Qd3 Ng5 15. f4 Ne6 16. f5 Nxd4 17. cxd4 e6 18.
Bh3 h5 19. fxe6 hxg4 20. exf7+ Kxf7 21. O-O+ Kg8 22. Bxg4 Re8 23. Qg6 Re7 24. Qf5 Re8 25. Qf7+ Kh7 26. Bf5+ 1-0

[Event "Late-Titled-Tuesday-Blitz-January-30-2024"]
[Site "Chess.com"]
[Date "2024.01.30"]
[Round "1"]
[White "Byniolus"]
[Black "emeli_chess"]
[Result "1-0"]
[WhiteElo "2848"]
[BlackElo "2480"]
[TimeControl "180+1"]
[EndTime "14:06:41 PST"]
[Termination "Byniolus won by resignation"]

1. d4 Nf6 2. Nf3 d5 3. Bf4 e6 4. e3 Bd6 5. Bg3 O-O 6. Nbd2 c5 7. c3 Qc7 8. Rc1 Nbd7 9. c4 dxc4 10. Bxc4 Bxg3 11. hxg3 Qd6 12. O-O cxd4 13. Nxd4 a6 14. Be2 Ne5 15. f4 Nc6 16. Nxc6 bxc6 17. Nc4 Qc5 18.
Qd6 Qxd6 19. Nxd6 Rb8 20. b3 Bd7 21. e4 Rb4 22. Bf3 Rfb8 23. Rfd1 Kf8 24. g4 Ke7 25. g5 Ne8 26. Nxf7 a5 27. Ne5 R8b7 28. Rxd7+ Rxd7 29. Nxc6+ Kd6 30. e5+ 1-0